 Dungeon Crawl Stone Soup version 0.28.0-43-g3370ac3207 (webtiles) character file.

Game seed: 7740514494562103912

32 pkoi the Chiller (level 3, 0/21 HPs)
             Began as an Octopode Ice Elementalist on Mar 17, 2022.
             Slain by a gnoll
             ... wielding a +0 spear
              (5 damage)
             ... on level 1 of the Dungeon.
             The game lasted 00:02:47 (1955 turns).

pkoi the Chiller (Octopode Ice Elementalist)        Turns: 1955, Time: 00:02:48

Health: 0/21       AC:  1    Str:  7    XL:     3   Next: 25%
Magic:  3/6        EV: 13    Int: 19    God:
Gold:   29         SH:  0    Dex: 12    Spells: 1/6 levels left

rFire   . . .      SeeInvis .   c - staff of earth
rCold   . . .      Faith    .   (no shield)
rNeg    . . .      Spirit   .   (helmet restricted)
rPois   .          Reflect  .   (no amulet)
rElec   .          Harm     .   (no ring)
rCorr   .          Rampage  .   (no ring)
Will    .....                   (no ring)
Stlth   +++.......              (no ring)
HPRegen 0.07/turn               (no ring)
MPRegen 0.10/turn               (no ring)
                                (no ring)
                                (no ring)

@: freezing walls
A: almost no armour, amphibious, 8 rings, camouflage 1, gelatinous body 1,
(nimble swimmer 1), tentacles
a: no special abilities


You were on level 1 of the Dungeon.
You visited 1 branch of the dungeon, and saw 2 of its levels.

You collected 29 gold pieces.

Inventory:

Missiles
 d - 4 poisoned darts
Magical Staves
 c - a staff of earth (weapon)
Scrolls
 a - a scroll of teleportation {unknown}
 e - a scroll of noise {unknown}
 f - a scroll of immolation {unknown}
Potions
 b - a potion of curing {unknown}


   Skills:
 - Level 2.0 Dodging
 - Level 2.6 Stealth
 - Level 2.0 Spellcasting
 + Level 0.0 Conjurations
 * Level 5.0 Ice Magic


You had one spell level left.
You knew the following spells:

 Your Spells              Type           Power      Damage    Failure   Level
a - Magic Dart            Conj           4%         1d3       17%         1
b - Frozen Ramparts       Ice            42%        1d6       6%          3
c - Freeze                Ice            84%        1d10      2%          1

Your spell library contained the following spells:

 Spells                   Type           Power      Damage    Failure   Level
 Ozocubu's Armour         Ice            21%        N/A       6%          3
 Call Imp                 Summ           1%         N/A       26%         2
 Mephitic Cloud           Conj/Pois/Air  1%         N/A       45%         3
 Hailstorm                Conj/Ice       11%        3d5       52%         4


Dungeon Overview and Level Annotations

Branches:
Dungeon (2/15)

Altars:

Annotations:
D:2 Sigmund


Innate Abilities, Weirdness & Mutations

You cannot wear most types of armour.
You are amphibious.
You can wear up to eight rings at the same time.
Your skin changes colour to match your surroundings (Stealth+).
Your rubbery body absorbs attacks. (AC +1, EV +1)
((You are camouflaged when in or above water. (Stealth+)))
You have tentacles for arms and can constrict up to eight enemies at once.


Message History

You climb downwards.
Level annotation: Sigmund The gnoll shouts!
The goblin shouts!
The gnoll shouts! x3
The hobgoblin shouts!
The frilled lizard hisses angrily.
The gnoll throws a throwing net.
The throwing net closely misses you. The gnoll closely misses you. x3
The gnoll hits you from afar with a +0 spear.
The gnoll hits you with a +0 spear.
* * * LOW HITPOINT WARNING * * *
You hear a shout!
Found 2 scrolls labelled ZUINIR CUPTUO and a throwing net.
There is a stone staircase leading up here.
Unknown command.
The gnoll hits you from afar with a +0 spear.
* * * LOW HITPOINT WARNING * * *
The gnoll closely misses you. The gnoll completely misses you.
The goblin closely misses you.
You climb upwards.
There is a stone staircase leading down here.
Unknown command.
Unknown command.
Unknown command.
Sorry, you're not good enough to have a special ability.
Unknown command.
Casting: Magic Dart (safe; 17% risk of failure)
Confirm with . or Enter, or press ? or * to list all spells.
The spell is quite dangerous to miscast (6% risk of failure)!
Continue anyway?
Casting: Frozen Ramparts (quite dangerous; 6% risk of failure)
Press: ? - help, Dir - look around, f - activate A stone staircase leading down.
The walls around you are covered in ice.
The wall freezes the gnoll.
The wall freezes the goblin.
The goblin misses you.
The wall freezes the gnoll.
The gnoll hits you with a +0 spear.
* * * LOW HITPOINT WARNING * * *
You hit the gnoll. Your grab misses the gnoll.
The gnoll is severely wounded.
The wall freezes the gnoll.
The wall freezes the goblin!
You kill the goblin!
The wall freezes the gnoll.
The gnoll hits you with a +0 spear.
You die...

...# #.##.##.### #..###.##.##...#
.#..##.......#.##
###......#####..###########
....'#≈≈##§.§....##.......#
#...#....#.....#.##.#####.####
#...≈....≈.....#g............#
#.#.≈.<⌠(≈.....#)##.#####.##.#
..#.≈....≈.....#@##.#####.##.#
###.#....#.....#g##.......##.####
.#####≈≈###≈≈###.#########......#
.###.§§..#....#..####### #.#.##.#
...#.....≈....≈........# #....#.#
..##...(.≈.⌠..≈........# #.#..#.#
...#.....≈....≈........# #.#....#
.[.#.....#....#........# #......#
.........##≈≈#+........# ###...##


You could see 2 gnolls.

Vanquished Creatures
  An adder (D:2)
  An endoplasm (D:1)
  4 giant cockroaches (D:1)
  3 goblins (D:1)
  A hobgoblin (D:1)
  3 ball pythons (D:1)
  5 bats (D:1)
  3 frilled lizards
  A kobold (D:1)
  2 rats (D:1)
24 creatures vanquished.

Notes
Turn   | Place    | Note
-------+----------+-------------------------------------------
     0 | D:1      | pkoi the Octopode Ice Elementalist began the quest for the
                  | Orb.
     0 | D:1      | Reached XP level 1. HP: 11/11 MP: 3/3
   609 | D:1      | Reached XP level 2. HP: 3/17 MP: 0/5
  1716 | D:2      | Reached skill level 5 in Ice Magic
  1716 | D:2      | Reached XP level 3. HP: 17/21 MP: 2/6
  1777 | D:2      | Learned a level 3 spell: Frozen Ramparts
  1779 | D:2      | Learned a level 1 spell: Magic Dart
  1901 | D:2      | Noticed Sigmund
  1955 | D:1      | Slain by a gnoll

Illustrated notes

Levels and vault maps discovered:
D:1:      dpeg_arrival_rooms_with_view, layout_loops_cross,
          hangedman_decor_lopped
D:2:      layout_rooms, shapermc_ecumenical_altar_hornbeckon,
          serial_bayou_pond_b, minmay_pentomino_r4, uniq_sigmund, uniq_terence,
          uniq_crazy_yiuf_cottage

Skill      XL: |  1  2 |
---------------+-------+-----
Ice Magic      | 5 |  5.0
Dodging        | |  2.0
Stealth        | |  2.6
Spellcasting   | |  2.0

Action                   || total
-------------------------++-------
Melee: Unarmed           ||    23
       Constrict         ||     9
       Tentacles         ||     5
       Staff             ||    10
 Cast: Freeze            ||    18
       Magic Dart        ||     3
       Frozen Ramparts   ||     1
 Stab: Sleeping          ||     5
Armor: Skin              ||     7
Dodge: Dodged            ||    44
